 Dungeon Crawl Stone Soup version 0.31-a0-818-ge7c7cf74f0 (webtiles) character file.

Game seed: 1830778937558622609

5 Goofygoober the Conjurer (level 1, 0/16 HPs)
             Began as a Demonspawn Reaver on Sept 22, 2023.
             Constricted to death by a ball python (1 damage)
             ... on level 1 of the Dungeon.
             The game lasted 00:00:53 (347 turns).

Goofygoober the Conjurer (Demonspawn Reaver)         Turns: 347, Time: 00:00:54

Health: 0/16       AC:  3    Str: 12    XL:     1   Next: 66%
Magic:  3/3        EV:  8    Int: 14    God:
Gold:   0          SH:  0    Dex: 11    Spells: 3/4 levels left

rFire   . . .        a - +0 spear
rCold   . . .        (no shield)
rNeg    . . .        b - +0 leather armour
rPois   .            (no helmet)
rElec   .            (no cloak)
rCorr   .            (no gloves)
SInv    .            (no boots)
Will    .....        (no amulet)
Stlth   +            (no ring)
HPRegen 0.22/turn    (no ring)
MPRegen 0.08/turn

%: no passive effects
@: constricted
A: no striking features
a: no special abilities


You were on level 1 of the Dungeon.
You visited 1 branch of the dungeon, and saw 1 of its levels.

Inventory:

Hand Weapons
 a - a +0 spear (weapon)
Armour
 b - a +0 leather armour (worn)


   Skills:
 + Level 2.1 Fighting
 + Level 2.7 Polearms
 + Level 1.8 Dodging
 + Level 2.0 Spellcasting
 + Level 3.1 Conjurations


You had 3 spell levels left.
You knew the following spells:

 Your Spells              Type           Power      Damage    Failure   Level
a - Kiss of Death         Conj/Necr      20%        2d7       16%         1

Your spell library contained the following spells:

 Spells                   Type           Power      Damage    Failure   Level
 Momentum Strike          Conj/Tloc      10%        3d8       24%         2
 Hailstorm                Conj/Ice       5%         3d4       43%         3


Dungeon Overview and Level Annotations

Branches:
Dungeon (1/15)

Altars:


Message History

There is an open door here.
A hobgoblin comes into view.
The hobgoblin shouts!
A ball python comes into view.
The ball python hisses angrily.
The hobgoblin hits you.
You barely miss the hobgoblin. The ball python barely misses you. x2
The hobgoblin barely misses you.
You closely miss the hobgoblin. The ball python closely misses you. x2
The hobgoblin hits you but does no damage.
You closely miss the hobgoblin. The ball python barely misses you.
The ball python grabs you. The ball python constricts you.
The hobgoblin barely misses you.
You hit the hobgoblin but do no damage.
The ball python bites you but does no damage.
The ball python constricts you.
The hobgoblin hits you but does no damage.
The ball python barely misses you. The ball python constricts you.
You closely miss the hobgoblin. The ball python bites you.
The ball python constricts you. The hobgoblin closely misses you.
You closely miss the hobgoblin. The ball python bites you.
The ball python constricts you. The hobgoblin hits you.
You barely miss the hobgoblin.
The ball python bites you but does no damage.
The ball python constricts you.
The hobgoblin hits you but does no damage.
You closely miss the hobgoblin. The ball python barely misses you.
The ball python constricts you. The hobgoblin hits you.
* * * LOW HITPOINT WARNING * * *
You barely miss the hobgoblin. The ball python misses you.
The ball python constricts you.
* * * LOW HITPOINT WARNING * * *
The hobgoblin barely misses you.
You hit the hobgoblin.
You kill the hobgoblin!
The ball python barely misses you. The ball python constricts you.
The ball python bites you.
* * * LOW HITPOINT WARNING * * *
The ball python constricts you.
You die...

#. #. ## #. .. ###.###.#
#.......# #......# #..S†..#
#@#.# ... #. #.#.# ### #.# ...
#. #.#.# #.. ... #.# #.##'#.#
#.# #.# #.# #......# #.# #.#
##.# ##.....## #.###.# ###..#
##.......###.#...#
####....####.........##.#...##
...........'.........'.......#


You could see a ball python.

Vanquished Creatures
  A bat (D:1)
  2 endoplasms (D:1)
  2 hobgoblins (D:1)
5 creatures vanquished.

Notes
Turn   | Place    | Note
-------+----------+-------------------------------------------
     0 | D:1      | Goofygoober the Demonspawn Reaver began the quest for the
                  | Orb.
     0 | D:1      | Reached XP level 1. HP: 16/16 MP: 3/3
   347 | D:1      | Constricted to death by a ball python

Illustrated notes

Levels and vault maps discovered:
D:1:      dpeg_arrival_court, layout_loops_corners

Action                     || total
---------------------------++-------
  Melee: Spear             ||    33
 Armour: Leather armour    ||    47
  Dodge: Dodged            ||    62

Table legend: (Time is in decaauts)
 A = Elapsed time spent in this place.
 B = Non-inter-level travel time spent in this place.
 C = Inter-level travel time spent in this place.
 D = Time resting spent in this place.
 E = Time spent auto-exploring this place.
 F = Levels seen in this place.
 G = Mean time per level.
                   A        B        C        D        E       F      G
               +--------+--------+--------+--------+--------+-----+--------+
         Total |    346 |    346 |      0 |      0 |      0 |   1 |  346.0 |
       Dungeon |    346 |    346 |      0 |      0 |      0 |   1 |  346.0 |
               +--------+--------+--------+--------+--------+-----+--------+

Top non-repeatable levels by time:
     D:1: 346 daAuts
